 Dungeon Crawl Stone Soup version 0.16.2-12-gd0ad4c3 (webtiles) character file.

1224 faibistes the Thaumaturge (level 8, -5/46 HPs)
             Began as a Deep Elf Wizard on Dec 17, 2017.
             Slain by faibistes' ghost (21 damage)
             ... on level 6 of the Dungeon.
             The game lasted 00:16:36 (7049 turns).

faibistes the Thaumaturge (Deep Elf Wizard)         Turns: 7049, Time: 00:16:37

Health: -5/46      AC:  7    Str:  4    XL:     8   Next: 23%
Magic:  19/28      EV: 16    Int: 26    God:
Gold:   202        SH:  0    Dex: 13    Spells: 6 memorised, 11 levels left

rFire  . . .     SeeInvis .     m - +2 dagger (protect)
rCold  . . .     Clarity  .     a - +0 robe
rNeg   . . .     SustAb   .     (no shield)
rPois  .         Gourm    .     b - +0 hat
rElec  .         Spirit   .     (no cloak)
rCorr  .         Warding  .     (no gloves)
rMut   .         Stasis   .     (no boots)
MR     .....                    (no amulet)
Stlth  ++........               (no ring)
                                k - +2 ring of evasion

@: repel missiles, not resistant to hostile enchantments, unstealthy
A: no striking features
a: no special abilities


You were on level 6 of the Dungeon.
You were not hungry.

You visited 1 branch of the dungeon, and saw 6 of its levels.

You collected 202 gold pieces.

Inventory:

Hand weapons
 e - a +0 dagger
 m - a +2 dagger of protection (weapon)
 t - a +2 falchion of holy wrath
Armour
 a - a +0 robe (worn)
 b - a +0 hat (worn)
Jewellery
 k - a +2 ring of evasion (left hand)
Magical devices
 o - a wand of frost (26)
Scrolls
 j - a scroll of magic mapping {unknown}
 l - 3 scrolls of enchant weapon
 r - a scroll of blinking {unknown}
 s - a scroll of amnesia {unknown}
 y - a scroll of identify
Potions
 g - a potion of curing
 h - a potion of brilliance
 i - 3 potions of haste
 p - a potion of heal wounds
 u - 2 potions of might
 x - a potion of cure mutation
Books
 c - a book of Minor Magic

   Spells                             Type                      Level
   a - Magic Dart                     Conjuration                  1
   b - Blink                          Translocation                2
   c - Call Imp                       Summoning                    2
   d - Repel Missiles                 Charms/Air                   2
   e - Slow                           Hexes                        2
   f - Conjure Flame                  Conjuration/Fire             3
   g - Mephitic Cloud                 Conjuration/Poison/Air       3
 f - a book of Control

   Spells                             Type                      Level
   a - Control Teleport               Charms/Translocation         4
   b - Control Undead                 Necromancy                   4
   c - Enslavement                    Hexes                        4
   d - Metabolic Englaciation         Hexes/Ice                    5
   e - Mass Confusion                 Hexes                        6
Comestibles
 d - 4 bread rations
 n - 4 fruits
 q - a slice of pizza
 v - a chunk of flesh


   Skills:
 * Level 3.5 Fighting
 + Level 5.1 Dodging
 - Level 2.4 Stealth
 * Level 8.8 Spellcasting
 - Level 3.7 Conjurations
 - Level 1.1 Summonings
 - Level 2.5 Translocations
 + Level 3.8 Evocations


You had 11 spell levels left.
You knew the following spells:

 Your Spells              Type           Power        Failure   Level  Hunger
a - Magic Dart            Conj           ####         1%          1    None
b - Conjure Flame         Conj/Fire      ###.....     10%         3    None
c - Call Imp              Summ           ###.....     6%          2    None
d - Blink                 Tloc           N/A          2%          2    None
e - Mephitic Cloud        Conj/Pois/Air  ###.....     12%         3    None
f - Repel Missiles        Chrm/Air       ##....       10%         2    None


Dungeon Overview and Level Annotations

Branches:
Dungeon (6/15)
 Temple: D:4-7

Altars:
Dithmenos

Annotations:
D:6 faibistes' ghost, average OgWr


Message History

Faibistes' ghost barely misses you.
Casting: Magic Dart
Confirm with . or Enter, or press ? or * to list all spells.
Aiming: Magic Dart
Press: ? - help, Shift-Dir - straight line, f/p - faibistes' ghost
Aim: faibistes' ghost (almost destroyed)
The magic dart hits faibistes' ghost.
Faibistes' ghost is almost destroyed.
Faibistes' ghost casts a spell at you. You resist with some effort.
Casting: Magic Dart
Confirm with . or Enter, or press ? or * to list all spells.
Aiming: Magic Dart
Press: ? - help, Shift-Dir - straight line, f/p - faibistes' ghost
Aim: faibistes' ghost (almost destroyed)
The magic dart hits faibistes' ghost.
Faibistes' ghost is almost destroyed.
Faibistes' ghost says, "They'll have to sweep you off the floor after I'm finished with you!"
Faibistes' ghost hits you!!
You die...

#...............# .
+#...............#
..
.>.....)..........#
...
..................#
....
..................#
..
..................#
#
#+#......(........#
+ +...............#
# #....W@)........#
..#
#......(........#
.+ +...............
#..............
##############


You could see faibistes' ghost.

Vanquished Creatures
  A phantom (D:5)
  3 ogres
  2 centaurs
  A scorpion (D:4)
  A water moccasin zombie (D:5)
  A goliath beetle (D:5)
  2 crimson imps (D:5)
  A centaur zombie (D:5)
  2 hounds
  An orc priest (D:4)
  A giant frog skeleton (D:5)
  2 iguanas
  An orc wizard (D:4)
  A worker ant (D:6)
  Jessica (D:3)
  A hound skeleton (D:5)
  A worker ant zombie (D:5)
  4 gnolls (D:2)
  6 adders
  2 shadow imps (D:5)
  3 worms
  3 adder skeletons
  A giant gecko (D:1)
  An ooze (D:3)
  15 orcs
  A ball python (D:4)
  12 bats
  5 goblins
  11 hobgoblins
  2 jackals (D:5)
  14 kobolds
  7 quokkas
  7 giant cockroaches
  4 giant newts
  A quokka skeleton (D:4)
  17 rats
139 creatures vanquished.

Vanquished Creatures (collateral kills)
  A worker ant (D:4)
  A worm (D:2)
  A giant cockroach (D:4)
3 creatures vanquished.

Vanquished Creatures (others)
  2 crimson imps (D:6)
  A white imp (D:2)
3 creatures vanquished.

Grand Total: 145 creatures vanquished

Notes
Turn   | Place    | Note
--------------------------------------------------------------
     0 | D:1      | faibistes, the Deep Elf Wizard, began the quest for the Orb.
     0 | D:1      | Reached XP level 1. HP: 10/10 MP: 6/6
   284 | D:1      | Reached XP level 2. HP: 15/15 MP: 4/10
   352 | D:1      | Learned a level 2 spell: Blink
   355 | D:1      | Learned a level 2 spell: Call Imp
   485 | D:1      | Reached skill level 5 in Spellcasting
  1194 | D:2      | Reached XP level 3. HP: 19/19 MP: 8/14
  1199 | D:2      | Learned a level 3 spell: Conjure Flame
  1203 | D:2      | Learned a level 3 spell: Mephitic Cloud
  1712 | D:3      | Noticed Jessica
  1719 | D:3      | Killed Jessica
  1719 | D:3      | Reached XP level 4. HP: 24/24 MP: 7/17
  1741 | D:2      | Learned a level 2 spell: Repel Missiles
  2742 | D:2      | Reached XP level 5. HP: 28/28 MP: 17/20
  2758 | D:2      | Reached skill level 6 in Spellcasting
  2918 | D:5      | Entered Level 5 of the Dungeon
  4311 | D:4      | Reached XP level 6. HP: 25/32 MP: 12/22
  4520 | D:4      | Noticed an ogre
  4528 | D:4      | Killed an ogre
  4528 | D:4      | Reached skill level 7 in Spellcasting
  4592 | D:5      | Noticed a phantom
  4592 | D:5      | Noticed a centaur
  4674 | D:5      | Killed a centaur
  4674 | D:5      | Reached skill level 1 in Fighting
  4674 | D:5      | Reached skill level 1 in Evocations
  4685 | D:5      | Killed a phantom
  4685 | D:5      | Reached XP level 7. HP: 24/38 MP: 6/25
  5312 | D:4      | Noticed an ogre
  5325 | D:4      | Killed an ogre
  6082 | D:5      | Reached skill level 8 in Spellcasting
  6430 | D:5      | Found a shadowy altar of Dithmenos.
  6698 | D:6      | Noticed faibistes' ghost (average OgWr)
  6749 | D:5      | Reached XP level 8. HP: 42/46 MP: 17/27
  6814 | D:5      | Reached skill level 5 in Dodging
  7049 | D:6      | Slain by faibistes' ghost

Action                   |  1- 3 |  4- 6 |  7- 9 || total
-------------------------+-------+-------+-------++-------
Melee: Dagger            |       |    30 |    34 ||    64
 Cast: Magic Dart        |   107 |   120 |   123 ||   350
       Mephitic Cloud    |     3 |     8 |    10 ||    21
       Call Imp          |     3 |     1 |     7 ||    11
       Blink             |     2 |     2 |    10 ||    14
       Conjure Flame     |       |     8 |    17 ||    25
       Repel Missiles    |       |     1 |     1 ||     2
  Use: Scroll            |       |     3 |     7 ||    10
 Stab: Confused          |       |     2 |     4 ||     6
  Eat: Chunk             |     2 |     9 |     8 ||    19
